 Dungeon Crawl Stone Soup version 0.22.1-2-g9c5b331 (webtiles) character file.

10276 lysyklops the Fighter (level 11, -2/73 HPs)
             Began as a Gargoyle Fighter on Nov 26, 2018.
             Was a High Priest of Okawaru.
             Slain by a yak (8 damage)
             ... in an ice cave.
             The game lasted 00:23:50 (10329 turns).

lysyklops the Fighter (Gargoyle Fighter)           Turns: 10329, Time: 00:23:52

Health: -2/73      AC: 28    Str: 27    XL:     11   Next: 59%
Magic:  16/16      EV: 10    Int:  8    God:    Okawaru [*****.]
Gold:   425        SH:  5    Dex: 13    Spells: 10/10 levels left

rFire    . . .     SeeInvis .   v - +2 dire flail (crush)
rCold    . . .     Gourm    .   (shield currently unavailable)
rNeg     + + .     Faith    .   F - +8 ring mail "Haost" {rN+ rCorr Int-4 Dex+3}
rPois    ∞         Spirit   .   b - +2 helmet {Int+3}
rElec    +         Reflect  +   (no cloak)
rCorr    +         Harm     .   (no gloves)
MR       .....                  i - +0 pair of boots
Stlth    +.........             y - +5 amulet of reflection
HPRegen  0.22/turn              j - ring of wizardry
MPRegen  0.15/turn              x - ring of wizardry

@: mighty
A: negative energy resistance 1, electricity resistance, unbreathing,
petrification resistance, rot immunity, AC +8
a: Heroism, Finesse, Renounce Religion


You were in an ice cave.
You worshipped Okawaru.
Okawaru was extremely pleased with you.
You were not hungry.

You visited 3 branches of the dungeon, and saw 12 of its levels.
You also visited: Ice Cave.

You collected 673 gold pieces.
You spent 248 gold pieces at shops.

Inventory:

Hand Weapons
 v - a +2 dire flail of crushing (weapon)
Armour
 b - a +2 helmet of intelligence (worn)
 i - a +0 pair of boots (worn)
 F - the +8 ring mail "Haost" (worn) {rN+ rCorr Int-4 Dex+3}
   (You found it on level 10 of the Dungeon)

   It affects your intelligence (-4).
   It affects your dexterity (+3).
   It protects you from negative energy.
   It provides partial protection from all sources of acid and corrosion.
Jewellery
 j - a ring of wizardry (left hand)
 x - a ring of wizardry (right hand)
 y - a +5 amulet of reflection (around neck)
Wands
 B - a wand of random effects (16)
 C - a wand of paralysis (15)
 D - a wand of digging (27)
Scrolls
 e - 6 scrolls of remove curse
 h - 10 scrolls of identify
 k - a scroll of enchant armour {unknown}
 l - a scroll of enchant weapon {unknown}
 q - a scroll of blinking
 r - a scroll of immolation {unknown}
 s - a scroll of teleportation {unknown}
 t - 3 scrolls of magic mapping
 w - 2 scrolls of holy word
 z - 2 scrolls of noise {unknown}
 A - a scroll of vulnerability {unknown}
 G - a scroll of amnesia {unknown}
Potions
 a - a potion of flight {unknown}
 c - 2 potions of brilliance {unknown}
 d - 2 potions of might
 g - 6 potions of degeneration
 m - 2 potions of ambrosia {unknown}
 n - 2 potions of lignification {unknown}
 p - 4 potions of curing {unknown}
 u - 3 potions of heal wounds {unknown}
 E - a potion of magic {unknown}
Comestibles
 f - 21 rations


   Skills:
 + Level 10.7 Fighting
 + Level 9.6 Maces & Flails
 + Level 10.6 Armour
   Level 6.2 Shields
 + Level 6.8 Invocations


You had 10 spell levels left.
You didn't know any spells.
Your spell library contained the following spells:

 Spells                   Type           Power        Failure   Level  Hunger
 Animate Skeleton         Necr           N/A          16%         1    ##.....
 Apportation              Tloc           #.....       16%         1    ##.....
 Confusing Touch          Hex            #.....       16%         1    ##.....
 Flame Tongue             Conj/Fire      #....        16%         1    ##.....
 Magic Dart               Conj           #...         16%         1    ##.....
 Summon Small Mammal      Summ           #...         16%         1    ##.....
 Searing Ray              Conj           #.....       22%         2    ###....
 Throw Flame              Conj/Fire      #.....       22%         2    ###....
 Conjure Flame            Conj/Fire      #.......     41%         3    ####...
 Dazzling Spray           Conj/Hex       #.....       41%         3    ####...
 Inner Flame              Hex/Fire       #.......     41%         3    ####...
 Force Lance              Conj/Tloc      #.......     78%         4    #####..
 Fulminant Prism          Conj/Hex       #.........   78%         4    #####..
 Iskenderun's Mystic Bla  Conj           #.......     78%         4    #####..
 Sticky Flame             Conj/Fire      #.......     78%         4    #####..
 Fireball                 Conj/Fire      #.........   97%         5    ######.


Dungeon Overview and Level Annotations

Branches:
Dungeon (10/15)            Temple (1/1) D:4            Lair (1/6) D:9
    Orc: D:9-12

Altars:
Cheibriados
Elyvilon
Fedhas
Gozag
Hepliaklqana
Kikubaaqudgha
Makhleb
Nemelex Xobeh
Okawaru
Qazlal
Ru
Sif Muna
Trog
Uskayaw
Vehumet
Wu Jian
Xom
Yredelemnul
Zin
The Shining One

Shops:
D:8 :   D:10 *


Innate Abilities, Weirdness & Mutations

You are resistant to torment.
Your stone body is resilient. (AC +8)
You are immune to poison.
You resist negative energy. (rN+)
You are resistant to electric shocks. (rElec)
You can survive without breathing.
You are immune to petrification.
You are immune to rotting.


Message History

You closely miss the polar bear. You block the yak's attack. x2
You closely miss the polar bear. The polar bear bites you!
* * * LOW HITPOINT WARNING * * *
The polar bear claws you.
* * * LOW HITPOINT WARNING * * *
The polar bear claws you but does no damage.
The yak barely misses you. The yak closely misses you.
You puncture the polar bear!
The polar bear is moderately wounded.
The polar bear bites you but does no damage.
The polar bear barely misses you. x2; The yak gores you but does no damage.
The yak gores you.
* * * LOW HITPOINT WARNING * * *
You feel very mighty all of a sudden.
The polar bear bites you but does no damage.
The polar bear claws you.
* * * LOW HITPOINT WARNING * * *
The polar bear claws you but does no damage.
The yak gores you but does no damage. The yak gores you!
You die...

#####
##...##
##.Y@..##
#..Yh†..#
#..÷∩?..#
##.....##
##...##
##...#
#...##
#...##
##..†##


You could see a polar bear and 2 yaks.

Vanquished Creatures
  Erica (D:8)
  A two-headed ogre (D:9)
  Pikel (D:8)
  A deep elf mage (D:10)
  Joseph (D:8)
  Psyche (D:8)
  2 polar bears (IceCv)
  A hippogriff (D:10)
  7 yaks
  Grum (D:8)
  A human (D:7)
  3 hogs
  2 hungry ghosts
  A water moccasin (Lair:1)
  2 slaves (D:8)
  A black bear (D:8)
  A phantom (D:4)
  12 wolves
  3 centaurs
  2 ogres
  2 bullfrogs
  4 big kobolds
  Blork the orc (D:6)
  2 scorpions (D:5)
  5 killer bees (D:10)
  A water moccasin skeleton (D:10)
  3 howler monkeys
  9 wights
  A bullfrog zombie (D:9)
  2 centaur skeletons
  6 crimson imps
  A quasit (D:10)
  A gnoll shaman (D:5)
  2 orc priests
  14 orc wizards
  5 hounds
  5 jellies
  10 worker ants
  4 iguanas
  A killer bee zombie (D:10)
  2 hound skeletons
  A worker ant zombie (D:9)
  A howler monkey skeleton (D:8)
  6 adders
  10 gnolls
  2 shadow imps
  2 oozes (D:1)
  An adder zombie (D:5)
  An adder skeleton (D:4)
  4 worms
  A dart slug (D:2)
  5 leopard geckos
  38 orcs
  7 giant cockroaches
  9 goblins
  6 hobgoblins
  9 jackals
  3 quokkas
  3 ball pythons
  5 bats
  4 frilled lizards
  A giant cockroach zombie (D:6)
  A jackal skeleton (D:4)
  19 kobolds
  A leopard gecko skeleton (D:3)
  A quokka zombie (D:5)
  4 rats
  A plant (D:9)
272 creatures vanquished.

Notes
Turn   | Place    | Note
-------+----------+-------------------------------------------
     0 | D:1      | lysyklops the Gargoyle Fighter began the quest for the Orb.
     0 | D:1      | Reached XP level 1. HP: 14/14 MP: 1/1
   184 | D:1      | Reached XP level 2. HP: 19/19 MP: 2/2
   496 | D:2      | Reached XP level 3. HP: 24/24 MP: 3/3
   949 | D:2      | Found a deep blue altar of Sif Muna.
  1215 | D:3      | Reached XP level 4. HP: 22/29 MP: 4/4
  1323 | D:3      | Found a burning altar of Makhleb.
  1698 | D:3      | Reached XP level 5. HP: 33/33 MP: 5/5
  1714 | D:3      | Found a hide-covered altar of Uskayaw.
  2708 | D:4      | Found a staircase to the Ecumenical Temple.
  2722 | Temple   | Entered the Ecumenical Temple
  2788 | Temple   | Became a worshipper of Warmaster Okawaru
  2925 | D:4      | Reached XP level 6. HP: 26/39 MP: 6/6
  2963 | D:4      | Noticed a phantom
  2964 | D:4      | Found a radiant altar of Vehumet.
  2965 | D:4      | Found a sparkling altar of Nemelex Xobeh.
  2966 | D:4      | Found a snail-covered altar of Cheibriados.
  2968 | D:4      | Found a hazy altar of Hepliaklqana.
  3008 | D:4      | Found a basalt altar of Yredelemnul.
  3290 | D:4      | Reached * piety under Okawaru
  3290 | D:4      | Reached skill level 5 in Shields
  3598 | D:4      | Killed a phantom
  3598 | D:4      | Reached skill level 5 in Fighting
  3598 | D:4      | Reached skill level 5 in Armour
  3598 | D:4      | Reached XP level 7. HP: 42/44 MP: 7/7
  3877 | D:5      | Entered Level 5 of the Dungeon
  4348 | D:5      | Reached ** piety under Okawaru
  4352 | D:5      | Reached XP level 8. HP: 39/51 MP: 8/8
  4602 | D:5      | Found a shimmering altar of Xom.
  5107 | D:6      | Reached skill level 5 in Maces & Flails
  5121 | D:6      | Noticed Blork the orc
  5135 | D:6      | Killed Blork the orc
  5920 | D:7      | Reached XP level 9. HP: 37/57 MP: 9/9
  6208 | D:8      | Reached *** piety under Okawaru
  7383 | D:8      | Reached skill level 1 in Invocations
  7415 | D:8      | Noticed Erica
  7431 | D:8      | Killed Erica
  7431 | D:8      | Reached **** piety under Okawaru
  7431 | D:8      | Reached XP level 10. HP: 48/65 MP: 9/12
  7492 | D:8      | Noticed Psyche
  7496 | D:8      | Killed Psyche
  7922 | D:8      | Found an iron altar of Okawaru.
  8028 | D:8      | Found Ceafoito's Book Emporium.
  8083 | D:8      | Noticed Grum
  8094 | D:8      | Killed Grum
  8201 | D:8      | Noticed Pikel
  8217 | D:8      | Killed Pikel
  8217 | D:8      | Reached ***** piety under Okawaru
  8353 | D:8      | Noticed Joseph
  8366 | D:8      | Killed Joseph
  8569 | D:9      | Noticed a two-headed ogre
  8581 | D:9      | Killed a two-headed ogre
  8581 | D:9      | Received a gift from Okawaru
  8581 | D:9      | Reached skill level 5 in Invocations
  8584 | D:9      | Got a transparent hat {god gift}
  8619 | D:9      | Paralysed by fainting for 10 turns
  8638 | D:9      | Identified the +1 hat of Nosegati {rPois} (Okawaru gifted
                  | it to you on level 9 of the Dungeon)
  8675 | D:9      | Found an ornate altar of the Wu Jian Council.
  8716 | D:9      | Reached skill level 10 in Fighting
  8716 | D:9      | Reached XP level 11. HP: 54/72 MP: 13/15
  8721 | D:9      | Reached skill level 10 in Armour
  8843 | D:9      | Found a staircase to the Lair.
  8902 | D:9      | Found a bloodstained altar of Trog.
  9054 | D:9      | Found an opulent altar of Gozag.
  9099 | D:10     | Entered Level 10 of the Dungeon
  9199 | D:10     | Noticed a deep elf mage
  9206 | D:10     | Killed a deep elf mage
  9259 | D:10     | Got a brightly glowing ring mail
  9270 | D:10     | Identified the +8 ring mail "Haost" {rN+ rCorr Int-4 Dex+3}
                  | (You found it on level 10 of the Dungeon)
  9574 | D:10     | Found Cemyanism's Assorted Antiques.
  9579 | D:10     | Bought 2 scrolls labeled HEXYIXYSCHOI for 46 gold pieces
  9579 | D:10     | Bought a scroll labeled HEXYIXYSCHOI for 23 gold pieces
  9579 | D:10     | Bought a scroll labeled FUCWIRROMIV for 23 gold pieces
  9579 | D:10     | Bought a scroll labeled GUOD IKUTEM for 23 gold pieces
  9579 | D:10     | Bought 2 cyan potions for 41 gold pieces
  9579 | D:10     | Bought a scroll labeled FUATIVIMEK for 23 gold pieces
  9579 | D:10     | Bought a scroll labeled MIUX VUMOASH for 23 gold pieces
  9579 | D:10     | Bought a scroll labeled SIORUF TAWNIE for 23 gold pieces
  9579 | D:10     | Bought a scroll labeled QIUNLI AHABLU for 23 gold pieces
  9919 | Lair:1   | Entered Level 1 of the Lair of Beasts
 10052 | Lair:1   | Found a frozen archway.
 10056 | IceCv    | Entered an ice cave
 10329 | IceCv    | Slain by a yak

Skill      XL: |  1  2  3  4  5  6  7  8  9 10 11 |
---------------+----------------------------------+-----
Shields        | 4 5 6 |  6.2
Fighting       | 4 5 7 8 10 | 10.7
Armour         | 4 5 7 8 9 10 | 10.6
Maces & Flails | 3 4 6 7 8 9 |  9.6
Invocations    | 2 5 6 |  6.8

Action                   |  1- 3 |  4- 6 |  7- 9 | 10-12 || total
-------------------------+-------+-------+-------+-------++-------
Melee: Flail             |   110 |   305 |   188 |       ||   603
       Dire flail        |       |       |   227 |   426 ||   653
Invok: Heroism           |       |       |     1 |     1 ||     2
Evoke: Wand              |       |       |       |     1 ||     1
  Use: Scroll            |       |     1 |     1 |     5 ||     7
       Potion            |       |       |       |     1 ||     1
  Eat: Chunk             |     1 |     6 |    10 |    10 ||    27
       Ration            |       |     1 |       |     3 ||     4
Armor: Scale mail        |    54 |   157 |   192 |   161 ||   564
       Ring mail         |       |       |       |   218 ||   218
Dodge: Dodged            |    30 |   113 |   129 |   329 ||   601
Block: Shield            |    58 |   184 |    93 |       ||   335
       Other             |       |       |       |    95 ||    95
       Reflection        |       |       |       |     2 ||     2
